 Dungeon Crawl Stone Soup version 0.17.0-28-g6e173f8 (webtiles) character file.

12210 dohliylev the Unseen (level 11, -3/72 HPs)
             Began as a Vampire Assassin on Dec 3, 2015.
             Was a Priest of Dithmenos.
             Slain by a red ugly thing (23 damage)
             ... on level 12 of the Dungeon.
             The game lasted 01:40:54 (14258 turns).

dohliylev the Unseen (Vampire Assassin)            Turns: 14258, Time: 01:40:55

Health: -3/72      AC:  0    Str:  5    XL:     11   Next: 59%
Magic:  10/12      EV: 34    Int: 11    God:    Dithmenos [***...]
Gold:   660        SH:  0    Dex: 25    Spells: 1 memorised, 11 levels left

rFire  . . .     SeeInvis +     (weapon currently unavailable)
rCold  . . .     Clarity  .     (armour currently unavailable)
rNeg   + . .     SustAt   .     (shield currently unavailable)
rPois  .         Gourm    .     (helmet currently unavailable)
rElec  .         Spirit   .     (cloak currently unavailable)
rCorr  .         Warding  .     (gloves currently unavailable)
rMut   +         Stasis   .     (boots currently unavailable)
MR     +....                    w - amulet of resist mutation
Stlth  ++++++++++               (ring currently unavailable)
                                (ring currently unavailable)

@: bat-form, flying, wreathed by umbra, very quick, somewhat resistant to
hostile enchantments, uncannily stealthy
A: (fangs 0), see invisible, dopey 1, frail 1, (unbreathing), subdued magic 1
a: End Transformation, Shadow Step, Renounce Religion


You were on level 12 of the Dungeon.
You worshipped Dithmenos.
Dithmenos was most pleased with you.
You were not thirsty.
You were in vampire-bat-form.
You visited 2 branches of the dungeon, and saw 14 of its levels.

You collected 660 gold pieces.

Inventory:

Hand Weapons
 b - a +0 blowgun
 n - a +1 dagger of venom
 N - a +3 dagger (melded)
Missiles
 a - 6 needles of slowing
 e - 47 poisoned needles
 f - 10 curare-tipped needles
 m - 6 tomahawks (quivered)
 G - 2 throwing nets
 O - 3 poisoned tomahawks
Armour
 s - a +0 helmet (melded)
 x - a +1 cloak (melded)
 A - a +0 pair of boots (melded)
 Z - the +2 robe "Rophohod" (melded) {rElec rF+ Int-3 Dex+2}
   (You found it on level 10 of the Dungeon)

   It affects your intelligence (-3).
   It affects your dexterity (+2).
   It protects you from fire.
   It insulates you from electricity.
Jewellery
 u - a +3 ring of intelligence (melded)
 w - an amulet of resist mutation (around neck)
 T - an uncursed ring of teleportation
 U - a ring of fire (melded)
Wands
 p - a wand of paralysis (0)
 E - a wand of hasting (3)
 I - a wand of paralysis (14)
 K - a wand of cold (11)
 P - a wand of slowing (24)
 V - a wand of magic darts (34)
Scrolls
 h - 6 scrolls of enchant weapon
 j - 5 scrolls of remove curse
 l - a scroll of fog
 v - 3 scrolls of enchant armour
 y - 2 scrolls of fear
 C - a scroll of recharging
 D - 2 scrolls of amnesia {unknown}
 J - a scroll of silence {unknown}
 M - 3 scrolls of blinking
 S - a scroll of noise {unknown}
 W - 4 scrolls of teleportation
 Y - a scroll of torment {unknown}
Potions
 d - 3 potions of cure mutation {unknown}
 g - 12 potions of blood
 i - 4 potions of haste {unknown}
 k - 2 potions of invisibility {unknown}
 o - 3 potions of poison {unknown}
 q - 6 potions of curing {unknown}
 r - a potion of beneficial mutation {unknown}
 t - a potion of flight {unknown}
 z - a potion of agility {unknown}
 B - a potion of brilliance {unknown}
 F - a potion of resistance {unknown}
 H - a potion of might {unknown}
 L - a potion of cancellation {unknown}
 Q - 2 potions of lignification {unknown}
 R - 2 potions of magic {unknown}
Books
 c - a book of Summonings

   Spells                             Type                      Level
   a - Recall                         Summoning/Translocation      3
   b - Aura of Abjuration             Summoning                    5
   c - Shadow Creatures               Summoning                    5
   d - Summon Demon                   Summoning                    5
   e - Summon Forest                  Summoning/Translocation      5
   f - Summon Mana Viper              Hexes/Summoning              5
 X - a book of Callings

   Spells                             Type                      Level
   a - Summon Small Mammal            Summoning                    1
   b - Call Imp                       Summoning                    2
   c - Call Canine Familiar           Summoning                    3
   d - Summon Guardian Golem          Hexes/Summoning              3
   e - Summon Lightning Spire         Summoning/Air                4
   f - Summon Ice Beast               Ice/Summoning                4


   Skills:
 + Level 5.4 Fighting
 + Level 6.9 Short Blades
 + Level 6.3 Throwing
 + Level 10.7 Dodging
 * Level 16.7 Stealth
 + Level 1.2 Spellcasting
 + Level 2.0 Summonings
 + Level 0.1 Invocations


You had 11 spell levels left.
You knew the following spells:

 Your Spells              Type           Power        Failure   Level  Hunger
a - Summon Small Mammal   Summ           #...         9%          1    ##.....


Dungeon Overview and Level Annotations

Branches:
Dungeon (13/15)            Temple (1/1) D:5            Lair (0/8) D:8
    Orc (0/4) D:12
 Vaults: D:13-14

Altars:
Ashenzari
Cheibriados
Dithmenos
Elyvilon
Fedhas
Gozag
Kikubaaqudgha
Makhleb
Nemelex Xobeh
Okawaru
Qazlal
Ru
Sif Muna
Trog
Vehumet
Xom
Yredelemnul
Zin
The Shining One

Shops:
D:6 *

Portals:
Ice
Cave: D:13


Innate Abilities, Weirdness & Mutations

((You have razor-sharp teeth.))
You have supernaturally acute eyesight.
((You can survive without breathing.))
You are dopey. (Int -2)
You are frail (-10% HP).
Your spells are a little easier to cast, but a little less powerful.


Message History

Dithmenos appreciates your extinguishing a source of fire.
You closely miss the red ugly thing.
The red ugly thing is lightly wounded.
The red ugly thing punches you!
You are engulfed in flames.
You resist.
You hit the red ugly thing.
The red ugly thing is lightly wounded.
You closely miss the red ugly thing.
The red ugly thing is lightly wounded.
The red ugly thing punches you!
You are engulfed in flames.
You resist.
You turn into a vampire bat.
Your +3 dagger melds into your body.
Your +1 cloak melds into your body.
Your +0 helmet melds into your body.
Your +0 pair of boots melds into your body.
The +2 robe "Rophohod" {rElec rF+ Int-3 Dex+2} melds into your body.
Your ring of fire melds into your body.
Your +3 ring of intelligence melds into your body.
You feel stupid. The red ugly thing punches you!
* * * LOW HITPOINT WARNING * * *
You are engulfed in flames!!
You die...

#...(......#
#..........#
#....(....#
#####.....#
#..(..##
#......#
###......##
...........####
#.....$....†ub.#
#......######..#
#......# '...#
#...#### .#.....
#... ..#.......
.. .. #........
... #..[.....
... #........


You could see a red ugly thing.

Vanquished Creatures
  An unseen horror (D:11)
  2 hill giants (D:11)
  A griffon (D:10)
  4 ugly things
  3 trolls
  5 yaks (D:10)
  A deep elf mage (D:9)
  A wraith (D:13)
  A hungry ghost (D:10)
  2 hippogriffs
  2 water moccasins
  Duvessa (D:7)
  4 orc warriors
  An eye of draining (D:10)
  4 black bears
  5 sky beasts
  4 ice beasts
  A wasp (D:9)
  2 centaurs
  7 ogres
  A phantom (D:8)
  2 big kobolds
  2 crocodiles (D:9)
  Blork the orc (D:5)
  9 giant frogs
  Dowan (D:7)
  4 scorpions
  A wyvern skeleton (D:4)
  6 killer bees
  4 wights (D:9)
  6 crimson imps
  7 orc priests
  A gnoll shaman (D:6)
  5 centaur skeletons
  7 jellies
  A centaur zombie (D:8)
  Ijyb (D:2)
  2 quasits
  6 hounds
  2 orc wizards
  3 giant frog skeletons
  8 worker ants
  4 iguanas
  A hound zombie (D:9)
  2 hound skeletons
  Robin (D:2)
  7 adders
  15 gnolls
  3 river rats (D:5)
  A worker ant zombie (D:7)
  6 shadow imps
  An adder zombie (D:9)
  4 worms
  4 giant geckos
  23 orcs
  2 ball pythons
  9 giant cockroaches
  13 goblins
  12 hobgoblins
  4 jackals (D:11)
  18 kobolds
  2 quokkas
  11 bats
  A giant cockroach zombie (D:6)
  A giant gecko skeleton (D:4)
  5 giant newts
  2 quokka skeletons (D:4)
  11 rats
295 creatures vanquished.

Vanquished Creatures (collateral kills)
  A giant frog (D:11)
1 creature vanquished.

Vanquished Creatures (others)
  A worker ant (D:11)
1 creature vanquished.

Grand Total: 297 creatures vanquished

Notes
Turn   | Place    | Note
--------------------------------------------------------------
     0 | D:1      | dohliylev the Vampire Assassin began the quest for the Orb.
     0 | D:1      | Reached XP level 1. HP: 16/16 MP: 1/1
    78 | D:1      | Reached skill level 6 in Stealth
    97 | D:1      | Reached XP level 2. HP: 16/22 MP: 2/2
   291 | D:1      | Reached skill level 7 in Stealth
   291 | D:1      | Reached XP level 3. HP: 23/27 MP: 3/3
   779 | D:2      | Noticed Robin
   817 | D:2      | Killed Robin
  1101 | D:2      | Reached XP level 4. HP: 33/33 MP: 4/4
  1179 | D:2      | Noticed Ijyb
  1197 | D:2      | Killed Ijyb
  1233 | D:2      | Found a faded altar to an unknown god.
  1263 | D:2      | Became a worshipper of Xom of Malevolent Giggling
  1263 | D:2      | Fell from the grace of Xom
  1690 | D:3      | Reached skill level 8 in Stealth
  1854 | D:3      | Reached XP level 5. HP: 34/39 MP: 5/5
  2250 | D:3      | Found a deep blue altar of Sif Muna.
  2272 | D:3      | XOM: mild Trmt miscast
  2409 | D:4      | Noticed a phantom
  2463 | D:4      | Found an opulent altar of Gozag.
  2708 | D:4      | Noticed an ogre
  2715 | D:4      | Killed an ogre
  2715 | D:4      | Reached XP level 6. HP: 46/46 MP: 6/6
  3321 | D:4      | Reached skill level 9 in Stealth
  3499 | D:4      | XOM: mild Divn miscast
  3846 | D:4      | Reached XP level 7. HP: 51/51 MP: 7/7
  3949 | D:5      | Entered Level 5 of the Dungeon
  4025 | D:5      | Noticed Blork the orc
  4032 | D:5      | Killed Blork the orc
  4108 | D:5      | Reached skill level 5 in Dodging
  4179 | D:5      | Paralysed by a gnoll for 3 turns
  4313 | D:5      | XOM: mild Air miscast
  4395 | D:5      | Found a staircase to the Ecumenical Temple.
  4424 | D:5      | Found a glowing golden altar of the Shining One.
  4450 | Temple   | Entered the Ecumenical Temple
  4467 | Temple   | Became a worshipper of Dithmenos the Shadowed
  4889 | D:5      | XOM: mild Air miscast
  5032 | D:6      | Reached skill level 10 in Stealth
  5082 | D:6      | Reached XP level 8. HP: 55/58 MP: 8/8
  5232 | D:6      | Reached * piety under Dithmenos
  5260 | D:6      | Reached skill level 11 in Stealth
  5452 | D:6      | Found Opleben's General Store.
  5601 | D:6      | XOM: swap monsters
  5603 | D:6      | Reached skill level 5 in Short Blades
  5825 | D:7      | Noticed Duvessa
  5913 | D:7      | Killed Duvessa
  5925 | D:7      | Noticed Dowan
  5937 | D:7      | XOM: mild Summ miscast
  6047 | D:7      | Found a basalt altar of Yredelemnul.
  6103 | D:7      | Killed Dowan
  6134 | D:7      | Found a stormy altar of Qazlal.
  6134 | D:7      | Found a sacrificial altar of Ru.
  6243 | D:7      | Found a white marble altar of Elyvilon.
  6311 | D:7      | Reached skill level 12 in Stealth
  6363 | D:7      | Reached XP level 9. HP: 36/65 MP: 9/9
  6378 | D:7      | XOM: noise
  6806 | D:7      | XOM: noise
  6944 | D:7      | Noticed a moth of wrath
  6998 | D:7      | Found a bloodstained altar of Trog.
  7093 | D:7      | XOM: summons 3 hostile demons
  7367 | D:8      | Reached ** piety under Dithmenos
  7371 | D:8      | XOM: 10-stop teleportation journey
  7489 | D:8      | XOM: medium Summ miscast
  7605 | D:8      | Found a staircase to the Lair.
  7708 | D:8      | XOM: summons 4 hostile demons
  7983 | D:7      | XOM: medium Divn miscast
  8764 | D:9      | Reached skill level 13 in Stealth
  8941 | D:9      | Reached XP level 10. HP: 53/73 MP: 10/10
  9038 | D:9      | XOM: mild Summ miscast
  9212 | D:9      | Found a blossoming altar of Fedhas.
  9803 | D:9      | Reached *** piety under Dithmenos
  9823 | D:9      | Reached skill level 5 in Fighting
  9944 | D:9      | XOM: medium Pois miscast
 10151 | D:9      | Reached skill level 5 in Throwing
 10329 | D:9      | XOM: noise
 10456 | D:10     | Entered Level 10 of the Dungeon
 10465 | D:10     | Reached skill level 14 in Stealth
 10485 | D:10     | Got an opalescent robe
 10500 | D:10     | Identified the +2 robe "Rophohod" {rElec rF+ Int-3 Dex+2} (You found it on level 10 of the Dungeon)
 10646 | D:10     | Reached skill level 10 in Dodging
 10744 | D:10     | Reached skill level 15 in Stealth
 10989 | D:10     | XOM: noise
 11138 | D:10     | Found a shadowy altar of Dithmenos.
 11265 | D:10     | XOM: medium Trmt miscast
 11437 | D:10     | XOM: mild Pois miscast
 11550 | D:10     | Reached XP level 11. HP: 80/80 MP: 11/11
 11566 | D:10     | XOM: mild Ice miscast
 11633 | D:10     | Noticed a griffon
 11638 | D:10     | Killed a griffon
 11913 | D:10     | XOM: mild Chrm miscast
 12058 | D:11     | Noticed an unseen horror
 12065 | D:11     | Killed an unseen horror
 12142 | D:11     | XOM: medium Trmt miscast
 12144 | D:11     | Gained mutation: You are frail (-10% HP). [mutagenic glow]
 12194 | D:11     | Gained mutation: Your spells are a little easier to cast, but a little less powerful. [mutagenic glow]
 12216 | D:11     | Gained mutation: You are dopey. (Int -2) [mutagenic glow]
 12464 | D:11     | Learned a level 1 spell: Summon Small Mammal
 12483 | D:11     | Reached skill level 16 in Stealth
 12683 | D:11     | Noticed a hill giant
 12798 | D:11     | Killed a hill giant
 12798 | D:11     | Reached skill level 1 in Spellcasting
 12798 | D:11     | Reached skill level 1 in Summonings
 12875 | D:11     | Noticed a hill giant
 12921 | D:11     | Killed a hill giant
 13092 | D:11     | XOM: noise
 13235 | D:11     | Noticed an unseen horror
 13276 | D:12     | Found a staircase to the Orcish Mines.
 13332 | D:12     | XOM: noise
 13538 | D:12     | XOM: medium Summ miscast
 13779 | D:13     | XOM: divination: magic mapping
 13779 | D:13     | Was forgiven by Xom
 13875 | D:13     | Found a frozen archway.
 14258 | D:12     | Slain by a red ugly thing

Action                   |  1- 3 |  4- 6 |  7- 9 | 10-12 || total
-------------------------+-------+-------+-------+-------++-------
Melee: Dagger            |    83 |   210 |   509 |   425 ||  1227
 Fire: Blowgun           |     1 |    18 |   100 |   154 ||   273
 Cast: Summon Small Mamm |       |       |       |    20 ||    20
Invok: Renounce Religion |       |     1 |       |       ||     1
       Shadow Step       |       |       |       |     4 ||     4
 Abil: Bat Form          |     1 |       |     7 |    19 ||    27
       End Transformatio |     1 |       |     7 |    18 ||    26
  Use: Potion            |       |    11 |    10 |     5 ||    26
       Scroll            |       |     1 |     9 |     4 ||    14
 Stab: Sleeping          |     9 |    13 |    38 |    41 ||   101
       Distracted        |       |     3 |     6 |     9 ||    18
  Eat: Corpse            |       |     1 |       |     1 ||     2
